 Dungeon Crawl Stone Soup version 0.26-a0-597-gb535b0901c (webtiles) character file.

Game seed: 17628011211749694319

4 Lanoc the Chiller (level 1, -3/13 HPs)
             Began as a Demonspawn Ice Elementalist on Sept 7, 2020.
             Shot with a stone by a goblin (8 damage)
             ... on level 2 of the Dungeon.
             The game lasted 00:00:30 (348 turns).

Lanoc the Chiller (Demonspawn Ice Elementalist)      Turns: 348, Time: 00:00:30

Health: -3/13      AC:  2    Str:  8    XL:     1   Next: 58%
Magic:  1/3        EV: 12    Int: 16    God:
Gold:   10         SH:  0    Dex: 13    Spells: 3/4 levels left

rFire    . . .     SeeInvis +   (no weapon)
rCold    . . .     Faith    .   (no shield)
rNeg     . . .     Spirit   .   a - +0 robe
rPois    .         Reflect  .   (no helmet)
rElec    .         Harm     .   (no cloak)
rCorr    .                      (no gloves)
MR       .....                  (no boots)
Stlth    ++........             (no amulet)
HPRegen  0.04/turn              f - ring of see invisible
MPRegen  0.08/turn              (no ring)

@: no status effects
A: no striking features
a: no special abilities


You were on level 2 of the Dungeon.
You visited 1 branch of the dungeon, and saw 2 of its levels.

You collected 10 gold pieces.

Inventory:

Armour
 a - a +0 robe (worn)
Jewellery
 f - a ring of see invisible (left hand)
Scrolls
 b - a scroll of magic mapping {unknown}
 e - a scroll of random uselessness {unknown}
Potions
 c - a potion of stabbing {unknown}
 d - a potion of flight {unknown}


   Skills:
 + Level 1.9 Dodging
 - Level 1.7 Stealth
 - Level 2.0 Spellcasting
 * Level 3.8 Ice Magic


You had 3 spell levels left.
You knew the following spells:

 Your Spells              Type           Power        Failure   Level
a - Freeze                Ice            ##..         4%          1

Your spell library contained the following spells:

 Spells                   Type           Power        Failure   Level
 Frozen Ramparts          Ice            ##....       13%         3
 Ozocubu's Armour         Ice            ##......     13%         3
 Hailstorm                Conj/Ice       #.......     67%         4
 Summon Ice Beast         Ice/Summ       #.......     67%         4


Dungeon Overview and Level Annotations

Branches:
Dungeon (2/15)

Altars:


Message History

Press: ? - help, Shift-Dir - straight line, f/p - bat
Aim: a bat (moderately wounded)
You freeze the bat.
You kill the bat!
A goblin comes into view.
The goblin shouts!
The goblin wields a +2 hunting sling of freezing.
It is covered in frost.
The goblin shoots a stone.
The stone completely misses you.
Found a club.
A rat comes into view.
The goblin shoots a stone.
The stone barely misses you.
The goblin shoots a stone.
The stone hits you. The stone freezes you.
You see here a stone.
The goblin shoots a stone.
The stone hits you. The stone freezes you.
A kobold comes into view.
You see here a stone.
The goblin shoots a stone.
The stone hits you!
Ouch! That really hurt!
You die...

..........##
(..........#
g.......<..# #
#......†...# .#
#####......# ..#
#...(..#####K.##
#..........g...#
#.#.....((.....#
..........@.....#
........r........#
####.#........$.....
#.##.##.......... #
#. #...)...... ..
####....... ..
....... #######


You could see a goblin, a kobold and a rat.

Vanquished Creatures
  A ball python (D:1)
  A hobgoblin (D:1)
  2 bats
  A kobold (D:1)
5 creatures vanquished.

Notes
Turn   | Place    | Note
-------+----------+-------------------------------------------
     0 | D:1      | Lanoc the Demonspawn Ice Elementalist began the quest for
                  | the Orb.
     0 | D:1      | Reached XP level 1. HP: 13/13 MP: 3/3
   348 | D:2      | Shot with a stone by a goblin

Illustrated notes

Levels and vault maps discovered:
D:1:      dpeg_arrival_erosion, layout_basic
D:2:      layout_rooms, led_sif_pool

Action                   || total
-------------------------++-------
Melee: Unarmed           ||     4
 Cast: Freeze            ||     7
Armor: Robe              ||     3
Dodge: Dodged            ||    12

Table legend: (Time is in decaauts)
 A = Elapsed time spent in this place.
 B = Non-inter-level travel time spent in this place.
 C = Inter-level travel time spent in this place.
 D = Time resting spent in this place.
 E = Time spent auto-exploring this place.
 F = Levels seen in this place.
 G = Mean time per level.
                   A        B        C        D        E       F      G
               +--------+--------+--------+--------+--------+-----+--------+
         Total |    347 |    347 |      0 |      0 |    298 |   2 |  173.5 |
       Dungeon |    347 |    347 |      0 |      0 |    298 |   2 |  173.5 |
               +--------+--------+--------+--------+--------+-----+--------+

Top non-repeatable levels by time:
     D:1: 336 daAuts
     D:2: 10 daAuts
